 Dungeon Crawl Stone Soup version 0.31-a0-819-gf6de2f5ab6 (webtiles) character file.

Game seed: 18312779393085060755

63 qw the Shooter (level 4, -10/27 HPs)
             Began as a Gargoyle Hunter on Sept 23, 2023.
             Mangled by Sigmund
             ... wielding a +10 scythe
              (18 damage)
             ... on level 2 of the Dungeon.
             The game lasted 00:00:27 (1300 turns).

qw the Shooter (Gargoyle Hunter)                    Turns: 1300, Time: 00:00:27

Health: -10/27     AC:  8    Str: 14    XL:     4   Next: 10%
Magic:  4/4        EV: 11    Int: 10    God:
Gold:   65         SH:  0    Dex: 15    Spells: 3/3 levels left

rFire   . . .        Y - +0 shortbow
rCold   . . .        (shield currently unavailable)
rNeg    + . .        d - +0 ring mail
rPois   inf          (no helmet)
rElec   +            (no cloak)
rCorr   .            (no gloves)
SInv    .            (no boots)
Will    .....        e - amulet of faith
Stlth   +            (no ring)
HPRegen 0.24/turn    (no ring)
MPRegen 0.09/turn

%: faith
@: no status effects
A: sickness immunity, AC +3, negative energy resistance 1, electricity
resistance, torment resistance 1, petrification resistance
a: no special abilities


You were on level 2 of the Dungeon.
You visited 1 branch of the dungeon, and saw 2 of its levels.

You collected 65 gold pieces.


Innate Abilities, Weirdness & Mutations

You are immune to sickness and miasma.
Your stone body is resilient. (AC +3)
You are immune to poison.
You resist negative energy. (rN+)
You are resistant to electric shocks. (rElec)
You are resistant to unholy torment.
You are immune to petrification.


   Skills:
 + Level 2.7 Fighting
 - Level 5.0 Ranged Weapons
 - Level 1.4 Armour
 - Level 1.5 Dodging
 - Level 1.1 Stealth


You had 3 spell levels left.
You didn't know any spells.
Your spell library was empty.

Inventory:

Hand Weapons
 Y - a +0 shortbow (weapon)
Armour
 a - a +2 pair of gloves
 d - a +0 ring mail (worn)
 i - a +0 pair of boots
Jewellery
 e - an amulet of faith (around neck)
Scrolls
 c - a scroll of enchant armour {unknown}
 f - a scroll of vulnerability {unknown}
 g - a scroll of teleportation {unknown}
 h - a scroll of immolation {unknown}
 j - a scroll of silence {unknown}
 l - a scroll of brand weapon {unknown}
Potions
 b - a potion of lignification {unknown}
 k - a potion of curing {unknown}

Dungeon Overview and Level Annotations

Branches:
Dungeon (2/15)

Altars:

Shops:
D:1 (

Annotations:
D:2 Sigmund


Message History

You shoot an arrow. The arrow hits the worm!
The worm is almost dead.
You shoot an arrow. The arrow hits the worm.
You kill the worm!
Found a stone staircase leading up.
Enter note:
Enter note:
Found a plate armour.
Enter note:
j - a scroll labelled NIRAUX VOMM;
k - a fuming amethyst potion
l - a scroll labelled FUSITUO YRPHIUBULUU You open the door.
You open the door.
There is an open door here.
As you open the door, it creaks loudly!
There is an open door here.
As you open the door, it creaks loudly!
You hear a shout!
Sigmund the Dreaded comes into view.
He is wielding a +10 scythe.
Sigmund shouts!
Sigmund casts a spell.
Sigmund flickers and vanishes!
Deactivating autopickup; reactivate with Ctrl-A.
There is an open door here.
Enter note:
Enter note:
Enter note: You shoot an arrow.
You shoot an arrow.
Something tries to affect you, but you resist.
You shoot an arrow. You shoot an arrow. You shoot an arrow. Something hits you!
You shoot an arrow. You shoot an arrow. Something hits you!
You shoot an arrow. Something hits you!!
Ouch! That really hurt!
You die... ..# ..# ...... ..# ####...... .## .........# .'# #......... .## ###......... ..# )7 ...{........######## ..# 77)77

#/....# #........ ..# 7).P77
#@##. #.#####.# ..# 7P.PP7
#.##.#####^#...#.# ..# #....#
#.##.#....%#.#)#.# ..###....###
##'##:#.....#.#<#.# ..+........##
#...#.......#.###.#
..#...#.....###...#.......#.....#
.....<...##...#...#.......#######
.........##...#...+.......#
..%......##...'...#....####


There were no monsters in sight!

Vanquished Creatures
  2 adders (D:2)
  3 worms (D:2)
  A dart slug (D:1)
  4 endoplasms
  2 giant cockroaches (D:1)
  A goblin (D:1)
  3 hobgoblins
  3 jackals (D:2)
  4 kobolds
  2 quokkas (D:1)
  2 bats (D:2)
  4 frilled lizards
  4 rats
35 creatures vanquished.

Notes
Turn   | Place    | Note
-------+----------+-------------------------------------------
     0 | D:1      | qw the Gargoyle Hunter began the quest for the Orb.
     0 | D:1      | Reached XP level 1. HP: 12/12 MP: 1/1
     0 | D:1      | 0 ||| qw: Version: 0.3-a-83-gcd0e7d8
     0 | D:1      | 0 ||| qw: Game counter: 1377
     0 | D:1      | 0 ||| qw: Melee chars always use a shield: true
     0 | D:1      | 0 ||| qw: God list: Okawaru
     0 | D:1      | 0 ||| qw: Allow faded altars: false
     0 | D:1      | 0 ||| qw: Do Orc after clearing Dungeon:15 true
     0 | D:1      | 0 ||| qw: Do second Lair branch before Depths: true
     0 | D:1      | 0 ||| qw: Lair rune preference: random
     0 | D:1      | 0 ||| qw: Goals: Normal
     0 | D:1      | 0 ||| PLANNING D:1-11
   187 | D:1      | Reached XP level 2. HP: 17/17 MP: 2/2
   479 | D:1      | Found a faded altar of an unknown god.
   479 | D:1      | Noticed a balrug
   546 | D:1      | Found Itrul's Weapon Shop.
   980 | D:1      | 980 ||| UPGRADING to +0 ring mail.
   990 | D:1      | 990 ||| DROPPING +0 leather armour.
   991 | D:1      | 991 ||| UPGRADING to amulet of faith.
   996 | D:1      | 996 ||| READING scroll labelled DOTEAM YCVA.
   997 | D:1      | 997 ||| DROPPING scroll of butterflies.
  1046 | D:2      | Reached XP level 3. HP: 21/21 MP: 3/3
  1075 | D:2      | Reached skill level 1 in Armour
  1093 | D:2      | Reached skill level 5 in Ranged Weapons
  1177 | D:2      | Reached XP level 4. HP: 27/27 MP: 4/4
  1292 | D:2      | Noticed Sigmund
  1300 | D:2      | Mangled by Sigmund

Levels and vault maps discovered:
D:1:      kilobyte_arrival_exit_the_forest, layout_basic, serial_shops, shop,
          dreamdust_ecumenical_altar_sealed_demon, roderic_lattice_a
D:2:      layout_basic, uniq_terence, uniq_crazy_yiuf_cottage, uniq_sigmund

Skill      XL: |  1  2  3 |
---------------+----------+-----
Armour         | 1 |  1.4
Ranged Weapons | 5 |  5.0
Fighting       | |  2.7
Dodging        | |  1.5
Stealth        | |  1.1

Action                     |  1- 3 |  4- 6 || total
---------------------------+-------+-------++-------
   Fire: Shortbow          |    99 |    15 ||   114
    Use: Scroll            |     1 |       ||     1
 Armour: Leather armour    |     6 |       ||     6
         Ring mail         |    11 |     7 ||    18
  Dodge: Dodged            |    23 |     2 ||    25

Table legend:
 A = Non-vault XP
 B = Vault XP
 C = Vault XP percentage of total XP
 D = Non-vault monster count
 E = Vault monster count
 F = Vault count percentage of total count
                 A         B        C        D         E       F
            +---------+---------+-------+---------+---------+-------
      Total |      91 |       0 |   0.0 |      35 |       0 |   0.0
            +---------+---------+-------+---------+---------+-------
        D:1 |      32 |       0 |   0.0 |      18 |       0 |   0.0
        D:2 |      59 |       0 |   0.0 |      17 |       0 |   0.0
            +---------+---------+-------+---------+---------+-------
